TOP OF THE 1ST |
Gainesville Guidos batting - Pitching for West Virginia Power : RHP Mark Sanders
|
Pitching: RHP Mark Sanders
|
|
Batting: RHB Adrian Prouse
|
0-0: Swinging Strike 0-1: SINGLE (Line Drive, 4D)
|
Batting: RHB Victor Andrews
|
0-0: Called Strike 0-1: Called Strike Adrian Prouse steals 2nd base 0-2: Ball 1-2: Foul Ball, location: 2F 1-2: SINGLE (Flyball, 8RS) Adrian Prouse to third Runner from 3rd tries for Home, SAFE, no throw or cutoff
|
Batting: LHB Sergio Barrón
|
0-0: Ball 1-0: Grounds into double play, 6-4-3 (Groundball, 6)
|
Batting: RHB José Fernández
|
0-0: Called Strike 0-1: Ball 1-1: Called Strike 1-2: Ground out 5-3 (Groundball, 5)
|
Top of the 1st over - 1 run(s), 2 hit(s), 0 error(s), 0 left on base; Gainesville 1 - West Virginia 0 |
BOTTOM OF THE 1ST |
West Virginia Power batting - Pitching for Gainesville Guidos : RHP Ronald Adams
|
Pitching: RHP Ronald Adams
|
|
Batting: RHB Alfonso Huertas
|
0-0: Called Strike 0-1: Ball 1-1: Foul Ball, location: 2F 1-2: Ball 2-2: Ball 3-2: Foul Ball, location: 2F 3-2: Ground out 4-3 (Groundball, 4)
|
Batting: RHB Eric Johnson
|
0-0: Called Strike 0-1: Foul Ball, location: 2F 0-2: Fly out, F2 (Popup, 23F)
|
Batting: RHB Vicente Torres
|
0-0: Called Strike 0-1: Called Strike 0-2: Ground out 5-3 (Groundball, 5S)
|
Bottom of the 1st over - 0 run(s), 0 hit(s), 0 error(s), 0 left on base; Gainesville 1 - West Virginia 0 |
TOP OF THE 2ND |
Gainesville Guidos batting - Pitching for West Virginia Power : RHP Mark Sanders
|
Batting: LHB Ed Hart
|
0-0: Ball 1-0: Swinging Strike 1-1: SOLO HOME RUN (Flyball, 78XD), Distance : 422 ft
|
Batting: RHB Noriyori Ine
|
0-0: Foul Ball, location: 2F 0-1: SINGLE (Groundball, 56)
|
Batting: LHB António Hernández
|
0-0: Ball 1-0: SINGLE (Groundball, 34D) Noriyori Ine to second Runner from 2nd tries for 3rd, OUT! António Hernández to second
|
Batting: RHB Jason Saunders
|
0-0: Ball António Hernández steals 3rd base 1-0: SINGLE (Line Drive, 6M) António Hernández scores
|
Batting: RHB José Ortega
|
0-0: SINGLE (Groundball, 56D) Jason Saunders to second
|
Batting: RHB Adrian Prouse
|
0-0: Ball 1-0: Foul Ball, location: 2F 1-1: Foul Ball, location: 2F 1-2: Ball 2-2: Ball 3-2: Foul Ball, location: 2F 3-2: Fielders Choice at 2nd, 5-4 (Groundball, 56) Jason Saunders to third
|
Batting: RHB Victor Andrews
|
0-0: Called Strike Adrian Prouse steals 2nd base 0-1: Ball 1-1: Called Strike 1-2: Ball 2-2: SINGLE (Groundball, 6M) Jason Saunders scores Adrian Prouse to third Runner from 3rd tries for Home, SAFE, no throw or cutoff
|
Batting: LHB Sergio Barrón
|
0-0: Ball 1-0: Ball 2-0: Ball 3-0: Called Strike 3-1: Ground out 6-3 (Groundball, 6)
|
Top of the 2nd over - 4 run(s), 6 hit(s), 0 error(s), 1 left on base; Gainesville 5 - West Virginia 0 |
BOTTOM OF THE 2ND |
West Virginia Power batting - Pitching for Gainesville Guidos : RHP Ronald Adams
|
Batting: RHB Cristián Herrera
|
0-0: Ball 1-0: Ground out 6-3 (Groundball, 6M)
|
Batting: RHB Rubén Ayala
|
0-0: Fly out, F3 (Flyball, 3F)
|
Batting: RHB Raúl Torres
|
0-0: Foul Ball, location: 2F 0-1: Ball 1-1: Ball 2-1: Ball 3-1: Fly out, F9 (Flyball, 89S)
|
Bottom of the 2nd over - 0 run(s), 0 hit(s), 0 error(s), 0 left on base; Gainesville 5 - West Virginia 0 |
TOP OF THE 3RD |
Gainesville Guidos batting - Pitching for West Virginia Power : RHP Mark Sanders
|
Batting: RHB José Fernández
|
0-0: Ball 1-0: Called Strike 1-1: Fly out, F9 (Flyball, 9S)
|
Batting: LHB Ed Hart
|
0-0: Ball 1-0: Ball 2-0: Foul Ball, location: 2F 2-1: Ball 3-1: Foul Ball, location: 2F 3-2: Foul Ball, location: 2F 3-2: Foul Ball, location: 2F 3-2: SINGLE (Groundball, 6M)
|
Batting: RHB Noriyori Ine
|
0-0: Called Strike 0-1: Ball 1-1: Ball 2-1: Called Strike 2-2: Foul Ball, location: 2F 2-2: Strikes out swinging
|
Batting: LHB António Hernández
|
0-0: Called Strike 0-1: Foul Ball, location: 2F 0-2: Foul Ball, location: 2F 0-2: Ball 1-2: Foul Ball, location: 2F 1-2: Ball 2-2: Ball 3-2: Base on Balls Ed Hart to second
|
Batting: RHB Jason Saunders
|
0-0: Ball 1-0: Called Strike 1-1: Ball 2-1: Foul Ball, location: 2F 2-2: Ball 3-2: SINGLE (Groundball, 6M) Ed Hart to third António Hernández to second Ed Hart scores António Hernández to third
|
Batting: RHB José Ortega
|
0-0: Ball 1-0: Ball 2-0: Called Strike 2-1: Ball 3-1: Foul Ball, location: 2F 3-2: Base on Balls Jason Saunders to second
|
Batting: RHB Adrian Prouse
|
0-0: Called Strike 0-1: Foul Ball, location: 2F 0-2: Ball 1-2: Ball 2-2: Ball 3-2: Foul Ball, location: 2F 3-2: Base on Balls António Hernández scores Jason Saunders to third José Ortega to second
|
Pitching: RHP Juan Herrera
|
|
Batting: RHB Victor Andrews
|
0-0: Called Strike 0-1: Fielders Choice at 2nd, U6 (Groundball, 6M)
|
Top of the 3rd over - 2 run(s), 2 hit(s), 0 error(s), 3 left on base; Gainesville 7 - West Virginia 0 |
BOTTOM OF THE 3RD |
West Virginia Power batting - Pitching for Gainesville Guidos : RHP Ronald Adams
|
Batting: LHB Ernie Jackson
|
0-0: Ball 1-0: Ground out 4-3 (Groundball, 4)
|
Batting: LHB Luis Pérez
|
0-0: Ball 1-0: Called Strike 1-1: Ball 2-1: Called Strike 2-2: Strikes out swinging
|
Batting: RHB Jorge Ramírez
|
0-0: Called Strike 0-1: SOLO HOME RUN (Line Drive, 78XD), Distance : 411 ft
|
Batting: RHB Alfonso Huertas
|
0-0: Swinging Strike 0-1: Ball 1-1: SINGLE (Groundball, 34D) (infield hit)
|
Batting: RHB Eric Johnson
|
0-0: Called Strike Alfonso Huertas is caught stealing 2nd base
|
Bottom of the 3rd over - 1 run(s), 2 hit(s), 0 error(s), 0 left on base; Gainesville 7 - West Virginia 1 |
TOP OF THE 4TH |
Gainesville Guidos batting - Pitching for West Virginia Power : RHP Juan Herrera
|
Batting: LHB Sergio Barrón
|
0-0: Fly out, F8 (Flyball, 4MD)
|
Batting: RHB José Fernández
|
0-0: Ball 1-0: SINGLE (Groundball, 4MD)
|
Batting: LHB Ed Hart
|
0-0: DOUBLE (Line Drive, 7D) José Fernández to third
|
Batting: RHB Noriyori Ine
|
0-0: Ball 1-0: Ball 2-0: Ball 3-0: Base on Balls
|
Batting: LHB António Hernández
|
0-0: Fly out, F7 (Flyball, 7S)
|
Batting: RHB Jason Saunders
|
0-0: Ball Passed Ball! José Fernández scores Ed Hart to third Noriyori Ine to second 1-0: Foul Ball, location: 2F 1-1: Ball 2-1: Called Strike 2-2: Foul Ball, location: 2F 2-2: Strikes out looking
|
Top of the 4th over - 1 run(s), 2 hit(s), 0 error(s), 2 left on base; Gainesville 8 - West Virginia 1 |
BOTTOM OF THE 4TH |
West Virginia Power batting - Pitching for Gainesville Guidos : RHP Ronald Adams
|
Batting: RHB Eric Johnson
|
0-0: Called Strike 0-1: Ball 1-1: Ball 2-1: Foul Ball, location: 2F 2-2: Ball 3-2: SINGLE (Groundball, 6MD)
|
Batting: RHB Vicente Torres
|
0-0: Fly out, F8 (Flyball, 78XD)
|
Batting: RHB Cristián Herrera
|
0-0: Called Strike 0-1: Foul Ball, location: 2F 0-2: Grounds into double play, 4-6-3 (Groundball, 4)
|
Bottom of the 4th over - 0 run(s), 1 hit(s), 0 error(s), 0 left on base; Gainesville 8 - West Virginia 1 |
TOP OF THE 5TH |
Gainesville Guidos batting - Pitching for West Virginia Power : RHP Juan Herrera
|
Batting: RHB José Ortega
|
0-0: Foul Ball, location: 2F 0-1: Ball 1-1: Called Strike 1-2: Fly out, F7 (Flyball, 7LS)
|
Batting: RHB Adrian Prouse
|
0-0: Ball 1-0: Foul Ball, location: 2F 1-1: Ball 2-1: Ball 3-1: Ground out 1-3 (Groundball, 25)
|
Batting: RHB Victor Andrews
|
0-0: Ball 1-0: Foul Ball, location: 2F 1-1: Ball 2-1: Ground out 6-3 (Groundball, 6)
|
Top of the 5th over - 0 run(s), 0 hit(s), 0 error(s), 0 left on base; Gainesville 8 - West Virginia 1 |
BOTTOM OF THE 5TH |
West Virginia Power batting - Pitching for Gainesville Guidos : RHP Ronald Adams
|
Batting: RHB Rubén Ayala
|
0-0: Ball 1-0: Called Strike 1-1: Ball 2-1: Called Strike 2-2: Ball 3-2: Base on Balls
|
Batting: RHB Raúl Torres
|
0-0: Ball 1-0: Ball 2-0: Fly out, F9 (Flyball, 9S)
|
Batting: LHB Ernie Jackson
|
0-0: Swinging Strike 0-1: Called Strike 0-2: TRIPLE (Flyball, 8RXD) Rubén Ayala scores
|
Batting: LHB Luis Pérez
|
0-0: Ball 1-0: Called Strike 1-1: Ball 2-1: Ground out 4-3 (Groundball, 4) Ernie Jackson scores
|
Batting: RHB Jorge Ramírez
|
0-0: Called Strike 0-1: Swinging Strike 0-2: Ball 1-2: Foul Ball, location: 2F 1-2: Ball 2-2: Strikes out looking
|
Bottom of the 5th over - 2 run(s), 1 hit(s), 0 error(s), 0 left on base; Gainesville 8 - West Virginia 3 |
TOP OF THE 6TH |
Gainesville Guidos batting - Pitching for West Virginia Power : RHP Juan Herrera
|
Pitching: RHP Howard Baker
|
|
Batting: LHB Sergio Barrón
|
0-0: Called Strike 0-1: Swinging Strike 0-2: Ball 1-2: SINGLE (Groundball, 5D)
|
Batting: RHB José Fernández
|
0-0: Ball 1-0: Ball 2-0: Ball 3-0: Base on Balls Sergio Barrón to second
|
Batting: LHB Ed Hart
|
0-0: Called Strike 0-1: Swinging Strike 0-2: Ball 1-2: Strikes out swinging
|
Pitching: RHP Cory Lowe
|
|
Batting: RHB Noriyori Ine
|
0-0: SINGLE (Flyball, 8RS) Sergio Barrón to third José Fernández to second
|
Batting: LHB António Hernández
|
0-0: Swinging Strike 0-1: Ball 1-1: Ball 2-1: Ball 3-1: Base on Balls Sergio Barrón scores José Fernández to third Noriyori Ine to second
|
Batting: RHB Jason Saunders
|
0-0: Ball 1-0: Ball 2-0: Called Strike 2-1: Ball 3-1: Base on Balls José Fernández scores Noriyori Ine to third António Hernández to second
|
Batting: RHB José Ortega
|
0-0: Swinging Strike 0-1: Ball 1-1: Called Strike 1-2: Foul Ball, location: 2F 1-2: Strikes out looking
|
Batting: RHB Adrian Prouse
|
0-0: Called Strike 0-1: Foul Ball, location: 2F 0-2: Ball 1-2: Ball 2-2: Foul Ball, location: 2F 2-2: Foul Ball, location: 2F 2-2: SINGLE (Line Drive, 6MD) Noriyori Ine scores António Hernández to third Jason Saunders to second Runner from 3rd tries for Home, SAFE, no throw or cutoff
|
Batting: RHB Victor Andrews
|
0-0: Foul Ball, location: 2F 0-1: Fielders Choice at 2nd, U6 (Groundball, 6M)
|
Top of the 6th over - 4 run(s), 3 hit(s), 0 error(s), 2 left on base; Gainesville 12 - West Virginia 3 |
BOTTOM OF THE 6TH |
West Virginia Power batting - Pitching for Gainesville Guidos : RHP Ronald Adams
|
Batting: RHB Alfonso Huertas
|
0-0: Ball 1-0: SINGLE (Groundball, 56S) (infield hit)
|
Batting: RHB Eric Johnson
|
0-0: Ball 1-0: Ball 2-0: Ball 3-0: Called Strike 3-1: Fly out, F7 (Flyball, 7LSF)
|
Batting: RHB Vicente Torres
|
0-0: Grounds into double play, 6-4-3 (Groundball, 6M)
|
Bottom of the 6th over - 0 run(s), 1 hit(s), 0 error(s), 0 left on base; Gainesville 12 - West Virginia 3 |
TOP OF THE 7TH |
Gainesville Guidos batting - Pitching for West Virginia Power : RHP Cory Lowe
|
Batting: LHB Sergio Barrón
|
0-0: Called Strike 0-1: Ball 1-1: Ball 2-1: Foul Ball, location: 2F 2-2: Ball 3-2: Base on Balls
|
Batting: RHB José Fernández
|
0-0: Ball 1-0: Swinging Strike 1-1: Ball 2-1: SINGLE (Groundball, 56D) Sergio Barrón to second
|
Batting: LHB Ed Hart
|
0-0: Swinging Strike 0-1: Foul Ball, location: 2F 0-2: Ball 1-2: Ball 2-2: Foul Ball, location: 2F 2-2: SINGLE (Groundball, 6M) Sergio Barrón to third José Fernández to second Runner from 3rd tries for Home, SAFE, throw made home José Fernández to third Ed Hart to second
|
Batting: RHB Noriyori Ine
|
0-0: Foul Ball, location: 2F 0-1: Called Strike 0-2: SINGLE (Groundball, 5L) (infield hit) José Fernández scores Ed Hart to third
|
Batting: LHB António Hernández
|
0-0: Called Strike Noriyori Ine steals 2nd base 0-1: Fly out, F7 (Line Drive, 7S)
|
Batting: RHB Jason Saunders
|
0-0: Ball 1-0: Ball 2-0: Ball 3-0: Called Strike 3-1: Foul Ball, location: 2F 3-2: Base on Balls
|
Batting: RHB José Ortega
|
0-0: Ball 1-0: Ball 2-0: SINGLE (Line Drive, 6M) Ed Hart scores Noriyori Ine to third Jason Saunders to second Runner from 3rd tries for Home, throw and OUT! Jason Saunders to third José Ortega to second
|
Batting: RHB Adrian Prouse
|
0-0: Ball 1-0: Foul Ball, location: 2F 1-1: Ball 2-1: Called Strike 2-2: Fly out, F8 (Flyball, 8RS)
|
Top of the 7th over - 3 run(s), 4 hit(s), 0 error(s), 2 left on base; Gainesville 15 - West Virginia 3 |
BOTTOM OF THE 7TH |
West Virginia Power batting - Pitching for Gainesville Guidos : RHP Ronald Adams
|
Batting: RHB Cristián Herrera
|
0-0: Ball 1-0: Ground out 5-3 (Groundball, 5S)
|
Batting: RHB Rubén Ayala
|
0-0: Foul Ball, location: 2F 0-1: Ball 1-1: Ground out 5-3 (Groundball, 5S)
|
Batting: RHB Raúl Torres
|
0-0: Ball 1-0: Ball 2-0: Called Strike 2-1: Ground out 4-3 (Groundball, 34)
|
Bottom of the 7th over - 0 run(s), 0 hit(s), 0 error(s), 0 left on base; Gainesville 15 - West Virginia 3 |
TOP OF THE 8TH |
Gainesville Guidos batting - Pitching for West Virginia Power : RHP Cory Lowe
|
Batting: RHB Victor Andrews
|
0-0: Called Strike 0-1: Ball 1-1: Foul Ball, location: 2F 1-2: Foul Ball, location: 2F 1-2: SOLO HOME RUN (Flyball, 7LD), Distance : 327 ft
|
Pitching: RHP Zózimo Pascoal
|
|
Batting: LHB Sergio Barrón
|
0-0: Called Strike 0-1: Foul Ball, location: 2F 0-2: Fly out, F7 (Flyball, 78M)
|
Batting: RHB José Fernández
|
0-0: Ball 1-0: Foul Ball, location: 2F 1-1: Swinging Strike 1-2: Fly out, F5 (Popup, 15)
|
Batting: LHB Ed Hart
|
0-0: DOUBLE (Line Drive, 7LM)
|
Pinch Hitting: LHB David Murphy
|
0-0: Called Strike 0-1: SINGLE (Line Drive, 7S) Ed Hart to third Runner from 3rd tries for Home, SAFE, no throw or cutoff
|
Batting: LHB António Hernández
|
0-0: Ball 1-0: Called Strike 1-1: Swinging Strike Passed Ball! David Murphy to second 1-2: Fly out, F7 (Line Drive, 7S)
|
Top of the 8th over - 2 run(s), 3 hit(s), 0 error(s), 1 left on base; Gainesville 17 - West Virginia 3 |
BOTTOM OF THE 8TH |
West Virginia Power batting - Pitching for Gainesville Guidos : RHP Ronald Adams
|
Now at 3B: Fernando Mendoza
|
|
Now in LF: David Murphy
|
|
Batting: LHB Ernie Jackson
|
0-0: Ball 1-0: Ground out U3 (Groundball, 3L)
|
Batting: LHB Luis Pérez
|
0-0: Foul Ball, location: 2F 0-1: DOUBLE (Line Drive, 89M)
|
Batting: RHB Jorge Ramírez
|
0-0: Foul Ball, location: 2F 0-1: Swinging Strike 0-2: Ball 1-2: Foul Ball, location: 2F 1-2: Ball 2-2: Foul Ball, location: 2F 2-2: Foul Ball, location: 2F 2-2: Foul Ball, location: 2F 2-2: Strikes out swinging
|
Pitching: RHP Juan Patino
|
|
Batting: RHB Alfonso Huertas
|
0-0: Ball 1-0: Ball 2-0: Foul Ball, location: 2F 2-1: Ground out 4-3 (Groundball, 4)
|
Bottom of the 8th over - 0 run(s), 1 hit(s), 0 error(s), 1 left on base; Gainesville 17 - West Virginia 3 |
TOP OF THE 9TH |
Gainesville Guidos batting - Pitching for West Virginia Power : RHP Zózimo Pascoal
|
Batting: RHB Jason Saunders
|
0-0: Called Strike 0-1: Ball 1-1: Ball 2-1: DOUBLE (Groundball, 5L)
|
Batting: RHB José Ortega
|
0-0: Called Strike 0-1: Swinging Strike 0-2: Strikes out looking
|
Batting: RHB Adrian Prouse
|
0-0: Ball Jason Saunders steals 3rd base 1-0: Ball 2-0: Fly out, F9 (Flyball, 89M) Runner from 3rd tags up, SCORES, no throw
|
Batting: RHB Victor Andrews
|
0-0: Fly out, F9 (Flyball, 9S)
|
Top of the 9th over - 1 run(s), 1 hit(s), 0 error(s), 0 left on base; Gainesville 18 - West Virginia 3 |
BOTTOM OF THE 9TH |
West Virginia Power batting - Pitching for Gainesville Guidos : RHP Juan Patino
|
Now in CF: Pedro Mata
|
|
Pinch Hitting: RHB Tyler Baker
|
0-0: Called Strike 0-1: Ball 1-1: SINGLE (Groundball, 56)
|
Batting: RHB Vicente Torres
|
0-0: Called Strike 0-1: Ball 1-1: Swinging Strike 1-2: Strikes out swinging
|
Batting: RHB Cristián Herrera
|
0-0: Called Strike 0-1: Foul Ball, location: 2F 0-2: Strikes out swinging
|
Batting: RHB Rubén Ayala
|
0-0: Ball 1-0: Called Strike 1-1: Ball 2-1: Called Strike 2-2: Ball 3-2: Strikes out swinging
|
Bottom of the 9th over - 0 run(s), 1 hit(s), 0 error(s), 1 left on base; Gainesville 18 - West Virginia 3 |
|